 Dungeon Crawl Stone Soup version 0.29-a0-1043-g569b05d6ff (webtiles) character file.

Game seed: 7389064520025197645

60 ytrimaz the Insei (level 3, 26/26 HPs)
             Began as a Demonspawn Transmuter on Aug 16, 2022.
             Quit the game on level 2 of the Dungeon.
             The game lasted 00:01:29 (1582 turns).

ytrimaz the Insei (Demonspawn Transmuter)           Turns: 1582, Time: 00:01:29

Health: 26/26      AC:  2    Str: 10    XL:     3   Next: 80%
Magic:  7/7        EV: 12    Int: 16    God:
Gold:   60         SH:  0    Dex: 13    Spells: 6/7 levels left

rFire   . . .      SeeInvis .     - Unarmed
rCold   . . .      Faith    .   (no shield)
rNeg    . . .      Spirit   .   a - +0 robe
rPois   .          Reflect  .   (helmet restricted)
rElec   .          Harm     .   (no cloak)
rCorr   .          Rampage  .   (no gloves)
Will    .....                   (no boots)
Stlth   +.........              (no amulet)
HPRegen 0.08/turn               (no ring)
MPRegen 0.10/turn               (no ring)

@: no status effects
A: antennae 1, foul stench 1
a: no special abilities


You were on level 2 of the Dungeon.
You visited 1 branch of the dungeon, and saw 2 of its levels.

You collected 60 gold pieces.

Inventory:

Armour
 a - a +0 robe (worn)
Jewellery
 k - a ring of willpower
 l - a +6 ring of dexterity
 n - a ring of see invisible
Wands
 j - a wand of mindburst (7)
Scrolls
 c - 2 scrolls of poison {unknown}
 f - 3 scrolls of identify {unknown}
 h - a scroll of magic mapping {unknown}
 i - a scroll of butterflies {unknown}
Potions
 b - a potion of lignification
 d - a potion of resistance {unknown}
 e - 3 potions of brilliance {unknown}
 g - a potion of curing {unknown}
 m - 2 potions of cancellation {unknown}


   Skills:
 - Level 1.0 Fighting
 - Level 1.7 Dodging
 + Level 3.4 Unarmed Combat
 * Level 2.7 Spellcasting
 * Level 2.4 Transmutations


You had 6 spell levels left.
You knew the following spells:

 Your Spells              Type           Power      Damage    Failure   Level
a - Beastly Appendage     Tmut           20%        N/A       7%          1

Your spell library contained the following spells:

 Spells                   Type           Power      Damage    Failure   Level
 Wereblood                Tmut           10%        N/A       11%         2
 Slow                     Hex            8%         N/A       19%         1
 Sublimation of Blood     Necr           2%         N/A       28%         2
 Spider Form              Tmut/Pois      6%         N/A       34%         3
 Confusing Touch          Hex            2%         N/A       50%         3
 Vampiric Draining        Necr           2%         2d6       50%         3
 Ice Form                 Ice/Tmut       6%         N/A       75%         4
 Summon Hydra             Summ           1%         N/A       100%        7


Dungeon Overview and Level Annotations

Branches:
Dungeon (2/15)

Altars:


Innate Abilities, Weirdness & Mutations

You have a pair of small antennae on your head.
You may rarely emit foul miasma when damaged in melee.


Message History

Found a short sword.
Your feet morph into talons.
Your transformation is almost over.
Your talons disappear.
f - 3 scrolls labelled IVOPHIDGHIA (gained 1)
You now have 48 gold pieces (gained 5).
You open the door.
Found 7 stones.
Found 3 stones.
There is an open door here.
You see here 7 stones.
An endoplasm comes into view.
An endoplasm is nearby!
An endoplasm is nearby!
The endoplasm quivers.
You hit the endoplasm.
The endoplasm is lightly wounded.
The endoplasm barely misses you.
You hit the endoplasm but do no damage.
The endoplasm is lightly wounded.
The endoplasm barely misses you.
You hit the endoplasm but do no damage.
The endoplasm is lightly wounded.
The endoplasm freezes you.
You are frozen.
You hit the endoplasm.
The endoplasm is severely wounded.
The endoplasm freezes you.
You are frozen.
The endoplasm attacks as you move away! The endoplasm barely misses you.
You hit the endoplasm.
You kill the endoplasm!
l - a +6 ring of dexterity
Found a cloak.
m - 2 metallic golden potions
n - a ring of see invisible You now have 60 gold pieces (gained 12).
A rat comes into view.
A rat is nearby!
Are you sure you want to abandon this character and quit the game? (Confirm with "yes".)

#.##...#...........#
#.#.....##########.#
#.##...## #.#
..###.## #.# ### #.#
#.# #.# ##.## #+#
#...# ###.#.#
#.@.#... #.#####.# #
#.. .# + .... . #
##... .# #?#. # #r#.
#.#.


You could see a rat.

Vanquished Creatures
  Ijyb (D:2)
  An adder (D:2)
  A dart slug (D:1)
  A ball python (D:1)
  3 endoplasms
  7 goblins
  A quokka (D:2)
  5 bats (D:1)
  A frilled lizard (D:1)
21 creatures vanquished.

Notes
Turn   | Place    | Note
-------+----------+-------------------------------------------
     0 | D:1      | ytrimaz the Demonspawn Transmuter began the quest for the
                  | Orb.
     0 | D:1      | Reached XP level 1. HP: 15/15 MP: 3/3
   510 | D:1      | Reached skill level 3 in Unarmed Combat
   510 | D:1      | Gained mutation: You may rarely emit foul miasma when
                  | damaged in melee. [demonic ancestry]
   510 | D:1      | Reached XP level 2. HP: 18/21 MP: 3/5
   796 | D:1      | You fall into a shaft and drop 1 floor!
  1069 | D:2      | Noticed Ijyb
  1098 | D:2      | Lost mutation: You have a pair of horns on your head.
                  | [demonic ancestry]
  1098 | D:2      | Lost mutation: You have a pair of small horns on your head.
                  | [demonic ancestry]
  1098 | D:2      | Gained mutation: You have a pair of small antennae on your
                  | head. [demonic ancestry]
  1098 | D:2      | Reached XP level 3. HP: 20/26 MP: 4/6
  1104 | D:2      | Killed Ijyb
  1582 | D:2      | Quit the game

Illustrated notes

Levels and vault maps discovered:
D:1:      dpeg_arrival_lava_altar, layout_basic,
          shapermc_ecumenical_altar_notcrosses
D:2:      kennysheep_the_goblin_king, layout_loops_corners, serial_shops, shop

Skill      XL: |  1 |
---------------+----+-----
Unarmed Combat | 3 |  3.4
Transmutations | 2 |  2.4
Fighting       | |  1.0
Dodging        | |  1.7
Spellcasting   | |  2.7

Action                   || total
-------------------------++-------
Melee: Unarmed           ||    69
       Headbutt          ||     7
       Kick              ||     6
 Cast: Beastly Appendage ||    10
Armor: Robe              ||    17
Dodge: Dodged            ||    54

Table legend: (Time is in decaauts)
 A = Elapsed time spent in this place.
 B = Non-inter-level travel time spent in this place.
 C = Inter-level travel time spent in this place.
 D = Time resting spent in this place.
 E = Time spent auto-exploring this place.
 F = Levels seen in this place.
 G = Mean time per level.
                   A        B        C        D        E       F      G
               +--------+--------+--------+--------+--------+-----+--------+
         Total |   1578 |   1578 |      0 |      0 |   1378 |   2 |  789.0 |
       Dungeon |   1578 |   1578 |      0 |      0 |   1378 |   2 |  789.0 |
               +--------+--------+--------+--------+--------+-----+--------+

Top non-repeatable levels by time:
     D:1: 794 daAuts
     D:2: 784 daAuts
